 Dungeon Crawl Stone Soup version 0.17.1-3-g152610e (webtiles) character file.

199706 Shtopit the Spear-Bearer (level 18, -4/168 HPs)
             Began as a Naga Artificer on Apr 23, 2016.
             Was the Champion of Cheibriados.
             Slain by a white very ugly thing (8 damage)
             ... on level 1 of the Abyss on Apr 24, 2016.
             The game lasted 04:07:37 (42181 turns).

Shtopit the Spear-Bearer (Naga Artificer)          Turns: 42181, Time: 04:07:37

Health: -4/168     AC: 30    Str: 37    XL:     18   Next: 48%
Magic:  27/27      EV: 13    Int: 31    God:    Cheibriados [******]
Gold:   1349       SH: 25    Dex: 41    Spells: 0 memorised, 17 levels left

rFire  + . .     SeeInvis +     I - +4 trident
rCold  + . .     Clarity  +     o - +0 plate armour {rF+}
rNeg   . . .     SustAt   +     k - +0 large shield of the Spider Nest {*Corrode rC+ Stlth+}
rPois  +         Gourm    .     z - +1 helmet
rElec  .         Spirit   .     y - +0 cloak {MR+}
rCorr  .         Warding  .     Q - +1 pair of gloves {Dex+3}
rMut   .         Stasis   .     K - +3 naga barding "Rul Hulo" {Str+7}
MR     ++...                    O - amulet of clarity
Stlth  ..........               C - ring "Hoqe" {rPois MR- AC+3 Slay+3}
                                m - ring "Yppoqa" {SustAt *Contam Str+2 Int+2 Dex+4}

@: corroded equipment, very slow, very resistant to hostile enchantments,
extremely unstealthy
A: see invisible, deformed body, deterioration 1, poison resistance, slowness 2,
slow regeneration 1, slow metabolism 1, spit poison 2, constrict 1, AC +6
a: Spit Poison, Bend Time, Temporal Distortion, Slouch, Step From Time, Renounce
Religion
}: 1/15 runes: gossamer


You were on level 1 of the Abyss.
You worshipped Cheibriados.
Cheibriados was exalted by your worship.
You were not hungry.

You visited 7 branches of the dungeon, and saw 33 of its levels.
You visited the Abyss 2 times.
You visited 1 bazaar.
You also visited: Labyrinth.

You collected 3629 gold pieces.
You spent 2280 gold pieces at shops.

Inventory:

Hand Weapons
 h - a +0 greatsling
 q - the +1 trident of Atsix {pierce, *Rage +Blink rPois Int-2}
   (You took it off an orc on level 4 of the Dungeon)

   It inflicts extra damage upon your enemies.
   It affects your intelligence (-2).
   It protects you from poison.
   It lets you blink.
   It may make you go berserk in combat.
 I - a +4 trident (weapon)
Missiles
 F - 475 stones (quivered)
Armour
 k - the +0 large shield of the Spider Nest (worn) {*Corrode rC+ Stlth+}
   (You bought it in a shop on level 4 of the Orcish Mines)

   It protects you from cold.
   It may corrode your equipment when you take damage.
   It makes you more stealthy.
 o - a +0 plate armour of fire resistance (worn)
 w - a +0 large shield
 y - a +0 cloak of magic resistance (worn)
 z - a +1 helmet (worn)
 J - the +0 plate armour of Music {rC+}
   (You bought it in a shop on level 4 of the Orcish Mines)

   It protects you from cold.
 K - the +3 naga barding "Rul Hulo" (worn) {Str+7}
   (You acquired it on level 8 of the Dungeon)

   It affects your strength (+7).
 Q - a +1 pair of gloves of dexterity (worn)
Jewellery
 m - the ring "Yppoqa" (left hand) {SustAt *Contam Str+2 Int+2 Dex+4}
   (You found it on level 7 of the Lair of Beasts)

   [ring of sustain attributes]

   It sustains your strength, intelligence and dexterity.
   It affects your strength (+2).
   It affects your intelligence (+2).
   It affects your dexterity (+4).
   It causes magical contamination when unequipped.
 x - an uncursed amulet of stasis
 C - the ring "Hoqe" (right hand) {rPois MR- AC+3 Slay+3}
   (You took it off an orc on level 6 of the Dungeon)

   [ring of protection]

   It affects your AC (+3).
   It affects your accuracy and damage with ranged weapons and melee attacks
   (+3).
   It protects you from poison.
   It affects your resistance to hostile enchantments.
 G - an uncursed ring of protection from magic
 N - an uncursed ring of positive energy
 O - an amulet of clarity (around neck)
 T - a +5 ring of dexterity
 V - the amulet "Ynutiz" {+Rage Int+4}
   (You found it on level 3 of the Lair of Beasts)

   [amulet of rage]

   It affects your intelligence (+4).
   It lets you go berserk.
Wands
 b - a wand of draining (5)
 d - a wand of enslavement (10)
 e - a wand of lightning (7)
 t - a wand of cold (8)
 v - a wand of paralysis (5)
 D - a wand of disintegration (11)
 R - a wand of polymorph (6)
 U - a wand of heal wounds (0)
 Y - a wand of cold (4)
Scrolls
 g - 9 scrolls of amnesia
 i - 9 scrolls of enchant armour
 l - 5 scrolls of enchant weapon
 u - 6 scrolls of magic mapping
 A - 11 scrolls of remove curse
 H - 2 scrolls of silence
 L - 15 scrolls of teleportation
 S - 8 scrolls of fog
 Z - 3 scrolls of blinking
Potions
 c - a potion of resistance
 p - 2 potions of agility
 s - a potion of invisibility
 B - 8 potions of curing
 M - 2 potions of might
 P - 2 potions of magic
 X - a potion of flight
Miscellaneous
 E - a legendary deck of defence {drawn: 1}
 W - a plain deck of summoning {the Pentagram}
Comestibles
 a - 2 royal jellies
 f - 12 bread rations
 j - 6 beef jerkies
 n - 11 fruits
 r - 11 meat rations


   Skills:
 + Level 12.2 Fighting
   Level 3.1 Short Blades
 + Level 14.6 Polearms
 + Level 3.6(3.7) Slings
 + Level 1.2(2.6) Throwing
 + Level 11.5 Armour
 + Level 7.5 Dodging
 - Level 1.5 Stealth
 + Level 14.5 Shields
 - Level 12.0 Invocations
 + Level 5.6 Evocations


You had 17 spell levels left.
You didn't know any spells.

Dungeon Overview and Level Annotations

Branches:
Dungeon (15/15)            Temple (1/1) D:6            Lair (7/8) D:11
  Swamp (0/4) Lair:6       Spider (4/4) Lair:3        Slime (0/6) Lair:7
    Orc (4/4) D:9             Elf (0/3) Orc:3        Vaults (1/5) D:13
 Depths (1/5) D:15

Altars:
Ashenzari
Cheibriados
Dithmenos
Elyvilon
Fedhas
Gozag
Kikubaaqudgha
Makhleb
Nemelex Xobeh
Okawaru
Qazlal
Ru
Sif Muna
Trog
Vehumet
Xom
Yredelemnul
Zin
The Shining One
Jiyva

Shops:
D:5 *   D:7 *   D:10 [   D:12 *   Orc:2 ?   Orc:3 [   Orc:4 *([:

Annotations:
Lair:7 1 runed door


Innate Abilities, Weirdness & Mutations

You cannot wear boots.
Your serpentine skin is tough (AC +6).
You have supernaturally acute eyesight.
Armour fits poorly on your strangely shaped body.
Your system is resistant to poisons.
You cover ground very slowly.
You have a slow metabolism.
You can spit poison.
You can use your snake-like lower body to constrict enemies.
Your body sometimes deteriorates upon taking damage.
You regenerate slowly when monsters are visible.


Message History

Wield which item (- for none, * to show all)? (? for menu, Esc to quit)
I - a +4 trident (weapon)
You block the white very ugly thing's attack.
You barely miss the white very ugly thing.
You grab the white very ugly thing.
You constrict the white very ugly thing.
The brown very ugly thing kicks you!
* * * LOW HITPOINT WARNING * * *
You are splashed with acid!
The acid corrodes you!
The acid burns!
* * * LOW HITPOINT WARNING * * *
The white very ugly thing barely misses you.
You spit the white very ugly thing like a pig!!!
The white very ugly thing is heavily wounded.
You constrict the white very ugly thing.
You hit the white very ugly thing.
The white very ugly thing is heavily wounded.
You constrict the white very ugly thing.
You block the brown very ugly thing's attack.
The white very ugly thing bites you!
You die...

...... ../...
......#
.......########
............%..
...............
.......u.......
#@# #..u.......
#?.........
#..........
#..........
...........
...?........
..#..........


You could see 2 very ugly things.

Vanquished Creatures
  Nikola (Vaults:1)
  A tentacled monstrosity (Abyss:1)
  Maud (Orc:3)
  6 emperor scorpions (Spider:4)
  An orc warlord (Orc:4)
  4 ghost moths
  3 ironheart preservers (Vaults:1)
  The ghost of simples the Basher, a journeyman MiBe of Trog (D:14)
  The ghost of manyhoops the Thaumaturge, a journeyman DEFE of Vehumet (Orc:4)
  Snorg (Orc:4)
  A minotaur (Lab)
  4 vault guards (D:13)
  5 entropy weavers
  A fire dragon (D:15)
  An ice dragon (shapeshifter) (Abyss:1)
  Harold (D:11)
  An ice dragon (D:15)
  10 hydras
  3 ogre magi
  3 death yaks
  3 tengu warriors (D:15)
  2 thrashing horrors (Abyss:1)
  8 centaur warriors
  A hell hog (Abyss:1)
  3 orc high priests (Orc:4)
  Nergalle (Lair:3)
  A wretched star (Abyss:1)
  A shadow wraith (Vaults:1)
  An unseen horror (D:14)
  A skeletal warrior (D:11)
  12 hill giants
  A deep troll (shapeshifter) (D:15)
  37 wolf spiders
  4 griffons
  A wizard (Vaults:1)
  17 ugly things
  5 orc knights
  15 orb spiders
  A hornet (shapeshifter) (D:15)
  2 worldbinders (Abyss:1)
  3 elephants (Lair:5)
  3 manticores
  A guardian serpent (shapeshifter) (Vaults:1)
  2 cyclopes
  3 black mambas
  A moth of wrath (Spider:4)
  12 hornets
  5 orc sorcerers
  Maurice (D:8)
  11 spiny frogs
  3 torpor snails
  A black mamba (shapeshifter) (Vaults:1)
  2 gargoyles
  Psyche (D:8)
  27 orc warriors
  A kobold demonologist (D:11)
  4 fire drakes
  2 yaktaurs (D:13)
  12 demonic crawlers
  3 freezing wraiths
  8 komodo dragons
  A tengu conjurer (D:15)
  6 trolls
  33 jumping spiders
  The ghost of Alipheese the Chopper, an amateur NaFi of Cheibriados (D:5)
  A deep elf priest (Vaults:1)
  Grinder (D:5)
  A giant leech (Lair:6)
  2 boulder beetles
  A raiju (shapeshifter) (D:11)
  A wind drake (shapeshifter) (Vaults:1)
  9 two-headed ogres
  18 blink frogs
  8 slime creatures
  67 redbacks
  6 wyverns
  A spriggan (D:7)
  4 vampires
  10 trapdoor spiders
  A ynoxinul (Abyss:1)
  26 yaks
  10 basilisks
  2 deep elf magi
  3 shadows
  Eustachio (D:4)
  24 tarantellas
  2 wraiths
  15 hippogriffs
  3 vampire mosquitoes
  5 hungry ghosts
  3 deep elf fighters
  A large abomination (Abyss:1)
  4 mottled dragons
  21 wolves
  2 wargs (Orc:4)
  17 water moccasins
  4 hell hounds (Lair:7)
  A soldier ant (D:11)
  15 porcupines
  36 spiders
  3 black bears
  13 centaurs
  6 sky beasts
  7 wasps
  20 ogres
  2 necrophages
  7 phantoms
  14 ice beasts
  17 crocodiles
  Blork the orc (D:4)
  11 big kobolds
  18 giant frogs
  2 wyvern skeletons
  10 scorpions
  12 wights
  8 killer bees
  2 electric eels
  2 small abominations (Abyss:1)
  4 crimson imps
  8 starcursed masses (Abyss:1)
  9 hounds
  6 jellies
  36 orc priests
  5 centaur zombies
  33 orc wizards
  5 centaur skeletons
  2 giant frog skeletons
  A gnoll shaman (D:10)
  11 iguanas
  12 worker ants
  11 sheep
  A killer bee zombie (D:6)
  A hound zombie (D:7)
  2 hound skeletons
  18 adders
  A worker ant zombie (D:7)
  6 gnolls
  53 river rats
  5 shadow imps
  An ufetubus (Abyss:1)
  3 oozes
  An adder skeleton (D:7)
  2 worms
  5 giant geckos
  195 orcs
  6 ball pythons
  12 bats
  3 giant cockroaches
  6 goblins
  8 hobgoblins
  3 quokkas
  7 giant newts
  2 gnoll zombies (D:2)
  18 jackals
  24 kobolds
  A quokka zombie (D:9)
  3 rats
  4 fungi
  A plant (Lair:4)
1330 creatures vanquished.

Vanquished Creatures (collateral kills)
  2 orc warriors
  3 orc priests
  3 orc wizards
  11 orcs
  A hobgoblin (D:3)
  A jackal (D:4)
21 creatures vanquished.

Vanquished Creatures (others)
  A wolf spider (Spider:4)
  An orc priest (D:4)
  2 orc wizards
  2 orcs (Orc:1)
  A kobold (D:11)
  5 fungi
  13 plants
25 creatures vanquished.

Grand Total: 1376 creatures vanquished

Notes
Turn   | Place    | Note
--------------------------------------------------------------
     0 | D:1      | Shtopit the Naga Artificer began the quest for the Orb.
     0 | D:1      | Reached XP level 1. HP: 18/18 MP: 3/3
   348 | D:1      | Reached XP level 2. HP: 25/25 MP: 4/4
  1047 | D:1      | Reached XP level 3. HP: 31/31 MP: 5/5
  1880 | D:2      | Found a faded altar to an unknown god.
  1952 | D:2      | Found a basalt altar of Yredelemnul.
  2170 | D:3      | Reached skill level 1 in Armour
  2170 | D:3      | Reached XP level 4. HP: 26/38 MP: 6/6
  2358 | D:3      | Reached XP level 5. HP: 45/45 MP: 7/7
  3189 | D:3      | Found a deep blue altar of Sif Muna.
  3364 | D:4      | Reached XP level 6. HP: 39/52 MP: 8/8
  3371 | D:4      | Reached skill level 1 in Shields
  3589 | D:4      | Reached skill level 4 in Evocations
  3917 | D:4      | Gained mutation: Your magical capacity is low (-10% MP). [potion of mutation]
  3917 | D:4      | Gained mutation: You regenerate slowly when monsters are visible. [potion of mutation]
  4027 | D:4      | Noticed a phantom
  4042 | D:4      | Noticed Grinder
  4058 | D:5      | Entered Level 5 of the Dungeon
  4066 | D:5      | Killed Grinder
  4066 | D:5      | Reached XP level 7. HP: 18/61 MP: 9/9
  4324 | D:4      | Killed a phantom
  4635 | D:4      | Noticed an ogre
  4654 | D:4      | Killed an ogre
  4770 | D:4      | Noticed Eustachio
  4773 | D:4      | Noticed Blork the orc
  4782 | D:4      | Killed Eustachio
  4782 | D:4      | Reached XP level 8. HP: 55/68 MP: 10/10
  4788 | D:4      | Killed Blork the orc
  4788 | D:4      | Reached skill level 5 in Evocations
  5179 | D:4      | HP: 2/69 [orc/pitted trident {pierce} (9)]
  5186 | D:4      | Got a pitted trident {pierce}
  5451 | D:4      | Identified the cursed +1 trident of Atsix {pierce, *Rage +Blink rPois Int-2} (You took it off an orc on level 4 of the Dungeon)
  5856 | D:5      | Noticed Alipheese's ghost (amateur NaFi)
  6275 | D:5      | Found Oxisebog's General Store.
  6974 | D:6      | Found a staircase to the Ecumenical Temple.
  6981 | Temple   | Entered the Ecumenical Temple
  7397 | D:6      | Reached skill level 1 in Polearms
  7957 | D:6      | Got a sparkling wooden ring
  8296 | D:6      | Reached XP level 9. HP: 43/78 MP: 11/11
  8654 | D:6      | Found a sacrificial altar of Ru.
  8655 | D:6      | Found a sparkling altar of Nemelex Xobeh.
  8658 | D:6      | Found a radiant altar of Vehumet.
  8660 | D:6      | Found an opulent altar of Gozag.
  8660 | D:6      | Found a snail-covered altar of Cheibriados.
  8661 | D:6      | Found a stormy altar of Qazlal.
  8661 | D:6      | Found a burning altar of Makhleb.
  8661 | D:6      | Found a blossoming altar of Fedhas.
  8670 | D:6      | Became a worshipper of Cheibriados the Contemplative
  8710 | D:6      | Reached skill level 5 in Armour
  9152 | D:7      | Reached * piety under Cheibriados
  9710 | D:7      | Found Zodghuh's General Store.
  9977 | D:5      | Killed Alipheese's ghost
  9977 | D:5      | Reached skill level 5 in Fighting
  9977 | D:5      | Reached skill level 5 in Dodging
 10426 | D:8      | Reached XP level 10. HP: 69/87 MP: 12/12
 10503 | D:8      | Noticed Maurice
 10517 | D:8      | Killed Maurice
 10517 | D:8      | Reached skill level 6 in Armour
 10546 | D:8      | Found an iron altar of Okawaru.
 10556 | D:8      | Noticed Psyche
 10562 | D:8      | Killed Psyche
 10562 | D:8      | Reached ** piety under Cheibriados
 11411 | D:8      | Reached skill level 5 in Polearms
 11528 | D:9      | Reached *** piety under Cheibriados
 11575 | D:8      | Identified a scroll of acquirement
 11578 | D:8      | Got a distressingly furry naga barding
 11584 | D:8      | Identified the +3 naga barding "Rul Hulo" {Str+7} (You acquired it on level 8 of the Dungeon)
 11584 | D:8      | Identified the ring "Hoqe" {rPois MR- AC+3 Slay+3} (You took it off an orc on level 6 of the Dungeon)
 11753 | D:9      | Found a staircase to the Orcish Mines.
 11897 | D:9      | Reached skill level 5 in Shields
 12225 | D:9      | Reached **** piety under Cheibriados
 12315 | D:9      | Found a basalt altar of Yredelemnul.
 12535 | D:9      | Reached skill level 7 in Armour
 12561 | D:9      | Found a glowing silver altar of Zin.
 12754 | D:9      | Reached XP level 11. HP: 93/96 MP: 13/13
 12883 | D:10     | Entered Level 10 of the Dungeon
 12883 | D:10     | Found Quughid's Antique Armour Emporium.
 13157 | D:10     | Found a glowing silver altar of Zin.
 13259 | D:10     | Noticed a hill giant
 13269 | D:10     | Killed a hill giant
 13269 | D:10     | Reached skill level 1 in Throwing
 13292 | D:10     | Noticed a hill giant
 13301 | D:10     | Killed a hill giant
 13373 | D:10     | Reached ***** piety under Cheibriados
 13755 | D:10     | Noticed a hill giant
 13765 | D:10     | Killed a hill giant
 14135 | D:10     | Bought a runed helmet for 112 gold pieces
 14135 | D:10     | Bought an embroidered cloak for 112 gold pieces
 14135 | D:10     | Bought a shiny helmet for 112 gold pieces
 14193 | D:11     | Found a sparkling altar of Nemelex Xobeh.
 14280 | D:11     | Noticed a death yak
 14309 | D:11     | Killed a death yak
 14372 | D:11     | Found a staircase to the Lair.
 14512 | D:11     | Noticed a centaur warrior
 14516 | D:11     | Noticed an eight-headed hydra
 14526 | D:11     | Noticed a hill giant
 14529 | D:11     | Killed an eight-headed hydra
 14529 | D:11     | Reached skill level 8 in Armour
 14529 | D:11     | Noticed an orb spider
 14529 | D:11     | a hippogriff changed into an orb spider
 14534 | D:11     | Killed a centaur warrior
 14534 | D:11     | Reached XP level 12. HP: 44/108 MP: 14/14
 14974 | D:11     | Reached skill level 1 in Invocations
 15199 | D:11     | Noticed Harold
 15214 | D:11     | Killed Harold
 15274 | D:11     | Killed a hill giant
 15502 | D:11     | Reached ****** piety under Cheibriados
 15680 | D:11     | Noticed a skeletal warrior
 15700 | D:11     | Killed a skeletal warrior
 16091 | D:11     | Noticed an eight-headed hydra
 16091 | D:11     | Noticed a hill giant
 16098 | D:11     | Killed an eight-headed hydra
 16104 | D:11     | Killed a hill giant
 17322 | D:12     | Reached skill level 9 in Polearms
 17322 | D:12     | Gained mutation: You can use your snake-like lower body to constrict enemies. [Naga growth]
 17322 | D:12     | Reached XP level 13. HP: 117/117 MP: 15/15
 17430 | D:12     | Reached skill level 5 in Invocations
 17645 | D:12     | Found Ediwnos's Blood Bar.
 17909 | D:13     | Found a flickering gateway to a bazaar.
 17915 | Bazaar   | Entered a bazaar
 17915 | Bazaar   | Found Beneyxav's Armour Emporium.
 17926 | Bazaar   | Found Nesarph's Antique Armour Shop.
 17957 | Bazaar   | Found Ekho Cil's Book Shop.
 17961 | Bazaar   | Found Sairgh's Antique Armour Shoppe.
 17966 | Bazaar   | Found Moj Soaf's Magic Scroll Boutique.
 18001 | Bazaar   | Bought a +1 pair of gloves of dexterity for 264 gold pieces
 18074 | Bazaar   | Bought a scroll of teleportation for 30 gold pieces
 18074 | Bazaar   | Bought a scroll of identify for 20 gold pieces
 18074 | Bazaar   | Bought a scroll of enchant armour for 75 gold pieces
 18074 | Bazaar   | Bought a scroll of magic mapping for 35 gold pieces
 18074 | Bazaar   | Bought a scroll of blinking for 75 gold pieces
 18074 | Bazaar   | Bought a scroll of fog for 20 gold pieces
 18439 | D:13     | Noticed a vault guard
 19045 | D:13     | Noticed a vault guard
 19053 | D:13     | Killed a vault guard
 19286 | D:13     | Killed a vault guard
 19289 | D:13     | Reached skill level 10 in Polearms
 19311 | D:13     | Found a gate to the Vaults.
 19311 | D:13     | Noticed a vault guard
 19311 | D:13     | Noticed a vault guard
 19318 | D:13     | Killed a vault guard
 19326 | D:13     | Killed a vault guard
 20194 | D:14     | Reached XP level 14. HP: 128/128 MP: 17/17
 20202 | D:14     | Noticed simples's ghost (journeyman MiBe)
 20245 | D:14     | Killed simples's ghost
 21222 | D:15     | Entered Level 15 of the Dungeon
 21626 | D:15     | Reached skill level 11 in Polearms
 21664 | D:15     | Reached skill level 10 in Shields
 21676 | D:15     | Reached skill level 10 in Fighting
 22657 | D:15     | Found a staircase to the Depths.
 22686 | Depths:1 | Entered Level 1 of the Depths
 22686 | Depths:1 | Noticed a tengu reaver
 22686 | Depths:1 | Noticed a green very ugly thing
 22686 | Depths:1 | Noticed a green very ugly thing
 22688 | Depths:1 | Noticed a green very ugly thing
 22955 | Orc:1    | Entered Level 1 of the Orcish Mines
 23507 | Orc:2    | Found Halepeef's Magic Scroll Emporium.
 24466 | Orc:3    | Found a staircase to the Elven Halls.
 24551 | Orc:3    | Noticed Maud
 24568 | Orc:3    | Killed Maud
 24792 | Orc:3    | Found Umnaezeb's Antique Armour Boutique.
 24893 | Orc:4    | Entered Level 4 of the Orcish Mines
 24893 | Orc:4    | Found Dotzarphe's Antique Weapon Shoppe.
 24893 | Orc:4    | Noticed manyhoops's ghost (journeyman DEFE)
 25126 | Orc:3    | Reached XP level 15. HP: 125/137 MP: 20/20
 25249 | Orc:4    | Killed manyhoops's ghost
 25592 | Orc:4    | Noticed Snorg
 25601 | Orc:4    | Killed Snorg
 25699 | Orc:4    | Reached skill level 10 in Armour
 25750 | Orc:4    | Noticed an orc warlord
 25751 | Orc:4    | Reached skill level 10 in Invocations
 26093 | Orc:4    | Found Kuxzu's Book Shop.
 26132 | Orc:4    | Found Fuomus Efro's Antique Armour Shoppe.
 26234 | Orc:4    | Bought a shimmering large shield for 361 gold pieces
 26244 | Orc:4    | Identified the +0 large shield of the Spider Nest {*Corrode rC+ Stlth+} (You bought it in a shop on level 4 of the Orcish Mines)
 26249 | Orc:4    | Found a burning altar of Makhleb.
 26266 | Orc:4    | Found Uhepiq's General Store.
 26286 | Orc:4    | Killed an orc warlord
 26863 | Orc:4    | Bought a polished plate armour for 1064 gold pieces
 26873 | Orc:4    | Identified the cursed +0 plate armour of Music {rC+} (You bought it in a shop on level 4 of the Orcish Mines)
 27166 | Lair:1   | Entered Level 1 of the Lair of Beasts
 27912 | Lair:2   | Found a labyrinth entrance.
 27926 | Lab      | Entered a labyrinth
 28091 | Lab      | Reached skill level 12 in Polearms
 28124 | Lab      | Identified the Compendium of Arcane Weapons and Feathers (You found it in a labyrinth)
 29000 | Lair:3   | Noticed Nergalle
 29008 | Lair:3   | Killed Nergalle
 29215 | Lair:3   | Found a hole to the Spider Nest.
 29242 | Lair:3   | Got a translucent bronze amulet
 29243 | Lair:3   | Identified the amulet "Ynutiz" {+Rage Int+4} (You found it on level 3 of the Lair of Beasts)
 29421 | Lair:3   | Gained mutation: Your muscles are strong. (Str +2) [potion of beneficial mutation]
 29999 | Lair:4   | Found a white marble altar of Elyvilon.
 30913 | Lair:5   | Lost mutation: Your muscles are strong. (Str +2) [potion of cure mutation]
 30913 | Lair:5   | Lost mutation: Your magical capacity is low (-10% MP). [potion of cure mutation]
 31426 | Lair:5   | Reached XP level 16. HP: 136/147 MP: 24/24
 32350 | Lair:6   | Found a staircase to the Swamp.
 33194 | Lair:7   | Found a runed door.
 33194 | Lair:7   | Found a viscous altar of Jiyva.
 33194 | Lair:7   | Found a staircase to the Slime Pits.
 33194 | Lair:7   | Noticed an acid blob
 33194 | Lair:7   | Noticed an acid blob
 33194 | Lair:7   | Noticed an acid blob
 33738 | Lair:7   | Got a scintillating pewter ring
 33739 | Lair:7   | Identified the ring "Yppoqa" {SustAt *Contam Str+2 Int+2 Dex+4} (You found it on level 7 of the Lair of Beasts)
 34606 | Spider:1 | Entered Level 1 of the Spider Nest
 34771 | Spider:1 | Reached skill level 13 in Polearms
 34777 | Spider:1 | HP: 5/150 [hornet (7)]
 36524 | Spider:2 | Reached skill level 1 in Slings
 36656 | Spider:2 | Reached XP level 17. HP: 104/157 MP: 26/26
 38046 | Spider:4 | Entered Level 4 of the Spider Nest
 39275 | Spider:4 | Reached skill level 14 in Polearms
 39577 | Spider:4 | Got a gossamer rune of Zot
 39914 | Spider:4 | Reached XP level 18. HP: 168/168 MP: 27/27
 40537 | Vaults:1 | Entered Level 1 of the Vaults
 41043 | Vaults:1 | Noticed Nikola
 41058 | Vaults:1 | Killed Nikola
 41473 | Vaults:1 | Gained mutation: Your body sometimes deteriorates upon taking damage. [mutagenic glow]
 41712 | Vaults:1 | Cast into the Abyss (an ogre mage)
 41808 | Abyss:1  | Found a corrupted altar of Lugonu.
 41989 | Abyss:1  | Paralysed by accursed screaming for 1 turns
 42102 | Abyss:1  | Noticed a tentacled monstrosity
 42129 | Abyss:1  | Killed a tentacled monstrosity
 42129 | Abyss:1  | HP: 5/168 [thrashing horror (8)]
 42141 | Vaults:1 | Escaped the Abyss
 42167 | Vaults:1 | Cast into the Abyss (an ogre mage)
 42179 | Abyss:1  | HP: 4/168 [acid (7)]
 42181 | Abyss:1  | Slain by a white very ugly thing

Action                   |  1- 3 |  4- 6 |  7- 9 | 10-12 | 13-15 | 16-18 || total
-------------------------+-------+-------+-------+-------+-------+-------++-------
Melee: Short sword       |    89 |   111 |    44 |       |       |       ||   244
       Dagger            |       |     5 |       |       |       |       ||     5
       Trident           |       |       |   332 |   803 |  1525 |  1462 ||  4122
       Rapier            |       |       |    48 |       |       |       ||    48
       Spear             |       |       |       |    26 |       |       ||    26
 Fire: Greatsling        |       |       |       |       |     3 |   134 ||   137
Throw: Tomahawk          |       |       |     2 |     6 |     1 |       ||     9
       Stone             |       |       |       |       |       |     1 ||     1
Invok: Slouch            |       |       |       |       |     1 |     3 ||     4
 Abil: Spit Poison       |    33 |    29 |    43 |    18 |    10 |    77 ||   210
       Evoke Blink       |       |       |       |     1 |       |       ||     1
Evoke: Wand              |     8 |    29 |    30 |     5 |       |     3 ||    75
       Deck              |       |       |       |       |       |     1 ||     1
  Use: Scroll            |     2 |     7 |     9 |     5 |    18 |    13 ||    54
       Potion            |       |     4 |     7 |     1 |     4 |     5 ||    21
 Stab: Sleeping          |     1 |     1 |       |       |       |       ||     2
       Paralysed         |       |     5 |    12 |       |       |       ||    17
       Held in net/web   |       |       |       |       |       |     1 ||     1
       Distracted        |       |       |       |       |       |     1 ||     1
  Eat: Chunk             |     4 |     7 |    18 |    25 |    45 |    22 ||   121
       Meat ration       |       |       |     1 |     1 |       |     2 ||     4
       Bread ration      |       |       |     1 |     1 |       |     1 ||     3
       Fruit             |       |       |       |     2 |       |       ||     2
       Pizza             |       |       |       |       |     3 |     1 ||     4
